 Dungeon Crawl Stone Soup version 0.26-a0-708-g17f3b190f9 (webtiles) character file.

Game seed: 2220739743739024899

2039 mistaj the Ruffian (level 9, -1/49 HPs)
             Began as a Vine Stalker Fighter on Oct 27, 2020.
             Was a Priest of Okawaru.
             Slain by a small abomination (8 damage)
             ... on level 1 of the Abyss.
             The game lasted 00:16:11 (6100 turns).

mistaj the Ruffian (Vine Stalker Fighter)           Turns: 6100, Time: 00:16:11

Health: -1/49      AC: 16    Str: 23    XL:     9   Next: 24%
Magic:  0/14       EV: 10    Int: 10    God:    Okawaru [***...]
Gold:   327        SH:  6    Dex: 15    Spells: 14/14 levels left

rFire    . . .     SeeInvis +     - Unarmed
rCold    . . .     Faith    .   q - +1 buckler of the Comet {+Blink Str+4}
rNeg     + . .     Spirit   +   x - +2 plate armour {rN+}
rPois    .         Reflect  .   (no helmet)
rElec    .         Harm     .   (no cloak)
rCorr    .         Rampage  .   y - +1 pair of gloves
MR       +....                  (no boots)
Stlth    ..........             (no amulet)
HPRegen  0.56/turn              i - +4 ring of evasion
MPRegen  0.14/turn              w - ring of see invisible

@: no status effects
A: fangs 3, regeneration 1, magic shield, antimagic bite, no potion heal 3, rot
immunity
a: Heroism, Renounce Religion, Evoke Blink


You were on level 1 of the Abyss.
You worshipped Okawaru.
Okawaru was most pleased with you.
You visited 1 branch of the dungeon, and saw 7 of its levels.
You visited the Abyss 1 time.

You collected 679 gold pieces.
You spent 352 gold pieces at shops.

Inventory:

Hand Weapons
 A - a +2 dagger of speed
Armour
 q - the +1 buckler of the Comet (worn) {+Blink Str+4}
   (You found it on level 4 of the Dungeon)

   It affects your strength (+4).
   It lets you blink.
 x - a +2 plate armour of positive energy (worn)
 y - a +1 pair of gloves (worn)
Jewellery
 i - a +4 ring of evasion (left hand)
 w - a ring of see invisible (right hand)
Wands
 b - a wand of enslavement (6)
 u - a wand of polymorph (18)
 z - a wand of iceblast (5)
 C - a wand of paralysis (8)
Scrolls
 a - a scroll of noise
 d - 8 scrolls of identify
 e - a scroll of teleportation {unknown}
 h - 3 scrolls of enchant armour
 j - a scroll of enchant weapon {unknown}
 l - a scroll of amnesia
 n - a scroll of remove curse {unknown}
 p - a scroll of immolation {unknown}
 r - a scroll of fear {unknown}
 s - a scroll of fog
 t - 2 scrolls of random uselessness {unknown}
 B - a scroll of vulnerability {unknown}
Potions
 c - 2 potions of might
 f - a potion of berserk rage
 g - a potion of brilliance {unknown}
 k - a potion of flight {unknown}
 m - a potion of lignification {unknown}
 o - a potion of invisibility {unknown}
 v - 2 potions of heal wounds {unknown}


   Skills:
 + Level 6.7 Fighting
 + Level 5.2 Armour
 - Level 2.7 Stealth
 - Level 2.6 Shields
 + Level 7.1 Unarmed Combat
 - Level 3.0 Spellcasting


You had 14 spell levels left.
You didn't know any spells.
Your spell library contained the following spells:

 Spells                   Type           Power        Failure   Level
 Shock                    Conj/Air       #...         99%         1
 Swiftness                Air            #.......     100%        2
 Static Discharge         Conj/Air       #.......     100%        3
 Airstrike                Air            #.........   100%        4
 Lightning Bolt           Conj/Air       #.........   100%        5


Dungeon Overview and Level Annotations

Branches:
Dungeon (7/15)
 Temple: D:4-7

Altars:
Cheibriados
Gozag
Kikubaaqudgha
Okawaru
Sif Muna

Shops:
D:5 [


Innate Abilities, Weirdness & Mutations

You have razor-sharp teeth.
Your natural rate of healing is unusually fast.
When hurt, damage is shared between your health and your magic reserves.
Your bite disrupts and absorbs the magic of your enemies.
Potions cannot restore your health.
You are immune to rotting.


Message History

The thrashing horror roars!
The small abomination hits you.
* * * LOW HITPOINT WARNING * * *
The thrashing horror barely misses you.
The thrashing horror tramples you but does no damage.
The thrashing horror closely misses you.
The thrashing horror tramples you.
* * * LOW HITPOINT WARNING * * *
You hold your ground!
The thrashing horror roars!
The thrashing horror completely misses you.
The thrashing horror closely misses you.
You block the small abomination's attack.
You block the thrashing horror's attack. x2
The sun demon barely misses you.
The thrashing horror roars!
The thrashing horror misses you.
You block the thrashing horror's attack.
The small abomination hits you!
You die...

#. ....#...§......#
#..............#..
##.#...###....#§ ##
#
...#..#...#..#.#.##
#..........#.D... #
########.D..###
#...##
.....#.#.X#.# ####
. #...3.#.##
..##.@x###.# .
########## . '. # #
. #


You could see a bone dragon, a sun demon, a thrashing horror and a small
abomination.

Vanquished Creatures
  A water moccasin (D:5)
  3 orc warriors (D:6)
  An ice beast (D:5)
  A necrophage (D:6)
  6 ogres
  Blork the orc (D:4)
  A howler monkey (D:5)
  A bullfrog zombie (D:5)
  7 orc priests
  3 jellies (D:6)
  An orc wizard (D:6)
  3 iguanas
  6 worker ants
  A hound skeleton (D:4)
  A worker ant zombie (D:7)
  6 adders
  7 gnolls
  An ooze (D:4)
  An adder skeleton (D:4)
  2 worms
  4 dart slugs
  3 leopard geckos
  27 orcs
  8 bats
  4 giant cockroaches
  6 goblins
  10 hobgoblins
  11 jackals
  2 quokkas
  A ball python (D:4)
  6 frilled lizards
  8 kobolds
  9 rats
153 creatures vanquished.

Notes
Turn   | Place    | Note
-------+----------+-------------------------------------------
     0 | D:1      | mistaj the Vine Stalker Fighter began the quest for the
                  | Orb.
     0 | D:1      | Reached XP level 1. HP: 11/11 MP: 2/2
    46 | D:1      | Reached skill level 1 in Stealth
    81 | D:1      | Reached XP level 2. HP: 15/16 MP: 3/3
   276 | D:1      | You fall into a shaft and drop 1 floor!
   517 | D:1      | Reached XP level 3. HP: 12/20 MP: 4/4
  1188 | D:2      | Gained mutation: Your natural rate of healing is unusually
                  | fast. [Vine Stalker growth]
  1188 | D:2      | Reached XP level 4. HP: 17/24 MP: 5/5
  1322 | D:2      | Reached skill level 3 in Unarmed Combat
  1546 | D:3      | Found a snail-covered altar of Cheibriados.
  2095 | D:3      | Reached skill level 1 in Spellcasting
  2095 | D:3      | Reached XP level 5. HP: 16/28 MP: 7/7
  2554 | D:3      | Found a shimmering blue altar of Sif Muna.
  2639 | D:3      | Found an iron altar of Okawaru.
  2674 | D:3      | Became a worshipper of Warmaster Okawaru
  2900 | D:4      | Reached XP level 6. HP: 28/33 MP: 8/10
  3002 | D:4      | Reached skill level 4 in Unarmed Combat
  3067 | D:4      | Noticed Blork the orc
  3088 | D:4      | Killed Blork the orc
  3269 | D:4      | Reached XP level 7. HP: 38/38 MP: 12/12
  3318 | D:4      | Got a jewelled buckler
  3331 | D:4      | Identified the +1 buckler of the Comet {+Blink Str+4} (You
                  | found it on level 4 of the Dungeon)
  3415 | D:4      | Reached * piety under Okawaru
  3978 | D:5      | Entered Level 5 of the Dungeon
  4143 | D:5      | Reached skill level 5 in Fighting
  4143 | D:5      | Reached skill level 5 in Unarmed Combat
  4333 | D:5      | Gained mutation: You have razor-sharp teeth. [Vine Stalker
                  | growth]
  4333 | D:5      | Reached XP level 8. HP: 23/43 MP: 10/13
  4632 | D:5      | Found Ehiloq's Armour Emporium.
  4639 | D:5      | Bought a +1 plate armour of positive energy for 352 gold
                  | pieces
  4720 | D:5      | Reached ** piety under Okawaru
  4803 | D:5      | You fall into a shaft and drop 2 floors!
  4837 | D:6      | Reached skill level 6 in Unarmed Combat
  5065 | D:5      | Found an opulent altar of Gozag.
  5517 | D:6      | Reached *** piety under Okawaru
  5517 | D:6      | Reached XP level 9. HP: 49/49 MP: 14/14
  5770 | D:6      | Found an ancient bone altar of Kikubaaqudgha.
  5871 | D:7      | Reached skill level 5 in Armour
  5893 | D:7      | Reached skill level 7 in Unarmed Combat
  5956 | D:7      | Cast into level 1 of the Abyss (orc)
  6053 | Abyss:1  | Noticed a bone dragon
  6081 | Abyss:1  | Noticed a sun demon
  6094 | Abyss:1  | Noticed a thrashing horror
  6100 | Abyss:1  | Slain by a small abomination

Illustrated notes

Levels and vault maps discovered:
D:1:      ebering_trefoil_twist, layout_basic
D:2:      layout_rooms
D:3:      layout_rooms, kennysheep_slug_shrine, lemuel_doored_altar,
          okawaru_altar_gauntlet_db
D:4:      minmay_polygon_palace, layout_basic, uniq_blork_the_orc
D:5:      layout_basic, kennysheep_mini_moat, serial_shops, shop,
          kennysheep_generic_room_9
D:6:      layout_loops_ring, basic_altar
D:7:      layout_loops_ring, lemuel_crystal_altar, temple_fountains
Abyss:1:  base:
D:4

Skill      XL: |  1  2  3  4  5  6  7  8  9 |
---------------+----------------------------+-----
Stealth        | 1 2 |  2.7
Fighting       | 3 4 5 6 |  6.7
Unarmed Combat | 3 4 5 6 7 |  7.1
Spellcasting   | 1 2 3 |  3.0
Armour         | 3 4 5 |  5.2
Shields        | |  2.6

Action                   |  1- 3 |  4- 6 |  7- 9 || total
-------------------------+-------+-------+-------++-------
Melee: Unarmed           |   126 |   218 |   262 ||   606
       Bite              |    34 |    64 |   112 ||   210
  Use: Scroll            |       |       |     5 ||     5
Armor: Scale mail        |    53 |     7 |       ||    60
       Plate armour      |       |   112 |   102 ||   214
Dodge: Dodged            |    53 |    21 |    87 ||   161
Block: Kite shield       |    64 |   104 |       ||   168
       Buckler           |       |       |    61 ||    61

Table legend: (Time is in decaauts)
 A = Elapsed time spent in this place.
 B = Non-inter-level travel time spent in this place.
 C = Inter-level travel time spent in this place.
 D = Time resting spent in this place.
 E = Time spent auto-exploring this place.
 F = Levels seen in this place.
 G = Mean time per level.
                   A        B        C        D        E       F      G
               +--------+--------+--------+--------+--------+-----+--------+
         Total |   6100 |   5909 |    191 |   1616 |   2429 |   8 |  762.5 |
       Dungeon |   5957 |   5766 |    191 |   1616 |   2429 |   7 |  851.0 |
         Abyss |    143 |    143 |      0 |      0 |      0 |   1 |  143.0 |
               +--------+--------+--------+--------+--------+-----+--------+

Top non-repeatable levels by time:
     D:4: 1174 daAuts
     D:2: 1164 daAuts
     D:5: 1022 daAuts
     D:1: 938 daAuts
     D:6: 771 daAuts
     D:3: 717 daAuts
     D:7: 166 daAuts
 Abyss:1: 143 daAuts
